cohdb
Replays
Latest Replays
All Replays
Popular Replays
Top Player Replays
Match Explorer
How It Works
Community
CoH3 Stats
Reddit
Sign in to upload your games and track your stats! →
Sign in with Steam
Match 45397246
Unlisted
Match 45397246
Overview
Messages
Build Orders
End
Construct Barracks
Scout Squad
Selects Advanced Infantry Battlegroup
Riflemen Squad
Riflemen Squad
Riflemen Squad
Infantry Support Center
Construct Medical Station
Selects Convert to Ranger Squad
Construct Motor Pool
Convert to Ranger Squad
Selects Artillery Observers
M8 Greyhound Armored Car
Grenade Package
Selects Frontline Medical Station
M24 Chaffee Light Tank
Engineer Squad
M1 Mortar Team
Advanced Logistics
M1 Anti-tank Gun Team
Selects Infantry Assault
Selects M2A1 105mm Howitzer Emplacement
Convert to Ranger Squad
M1 Anti-tank Gun Team
Survival Training
Selects 155mm Rapid Artillery Barrage
Frontline Medical Station
Max1boy
LionMetrix
0
0
Comments
sign in to comment!
No comments posted yet!